 Dungeon Crawl Stone Soup version 0.23-a0-577-g2b1de94 (webtiles) character file.

10213 Amnesiac the Nimble (level 11, -4/52 HPs)
             Began as a Spriggan Berserker on Dec 15, 2018.
             Was a High Priest of Trog.
             Hit by a large rock thrown by a stone giant (24 damage)
             ... on level 1 of the Orcish Mines.
             The game lasted 00:20:31 (12973 turns).

Amnesiac the Nimble (Spriggan Berserker)           Turns: 12973, Time: 00:20:32

Health: -4/52      AC:  6    Str: 16    XL:     11   Next: 33%
Magic:  18/18      EV: 28    Int: 11    God:    Trog [*****.]
Gold:   720        SH: 17    Dex: 16    Spells: 10/10 levels left

rFire    . . .     SeeInvis +   v - +5 long sword
rCold    + . .     Gourm    .   d - +2 buckler
rNeg     + . .     Faith    .   D - +0 troll leather armour
rPois    .         Spirit   .   (helmet restricted)
rElec    .         Reflect  +   j - +1 cloak
rCorr    .         Harm     .   (gloves unavailable)
MR       +....                  (boots unavailable)
Stlth    +.........             b - brooch of Shielding {Reflect SH+8}
HPRegen  0.57/turn              w - ring of positive energy
MPRegen  0.16/turn              (no ring)

@: very quick
A: very small, unfitting armour, see invisible, clever 1, cold resistance 1,
herbivore, speed 3, slow metabolism 2
a: Berserk, Trog's Hand, Brothers in Arms, Renounce Religion


You were on level 1 of the Orcish Mines.
You worshipped Trog.
Trog was extremely pleased with you.
You were very full.

You visited 2 branches of the dungeon, and saw 11 of its levels.

You collected 720 gold pieces.

Inventory:

Hand Weapons
 v - a +5 long sword (weapon)
 F - a +0 scimitar of flaming
Missiles
 c - 4 throwing nets (quivered)
 e - 21 poisoned needles
 l - 6 exploding tomahawks
 E - 3 needles of confusion
Armour
 d - a +2 buckler (worn)
 j - a +1 cloak (worn)
 n - a +2 robe of fire resistance
 B - a +0 buckler of reflection
 D - a +0 troll leather armour (worn)
Jewellery
 b - the brooch of Shielding (around neck) {Reflect SH+8}
   (You found it on level 7 of the Dungeon)

   [amulet of reflection]

   It shields you and reflects attacks.
   It affects your SH (+8).
 p - an uncursed ring of ice
 w - a ring of positive energy (left hand)
Wands
 f - a wand of iceblast (18)
 r - a wand of disintegration (13)
 x - a wand of paralysis (2)
 y - a wand of acid (12)
Scrolls
 a - 3 scrolls of enchant weapon {!r}
 h - 3 scrolls of fog {!r}
 i - 6 scrolls of remove curse {!r}
 m - a scroll of brand weapon {!r}
 o - a scroll of teleportation {!r}
Potions
 g - a potion of brilliance {!q}
 k - a potion of haste {!q}
 q - 2 potions of might {!q}
 s - a potion of mutation {!q}
 t - a potion of invisibility {!q}
 z - a potion of cancellation {!q}
 A - a potion of curing {!q}
Miscellaneous
 C - a lightning rod (4/4)
Comestibles
 u - a ration


   Skills:
 - Level 3.0 Fighting
 * Level 11.4 Long Blades
 - Level 13.0 Dodging
 + Level 3.3 Shields
 - Level 8.0 Evocations


You had 10 spell levels left.
You didn't know any spells.
Your spell library contained the following spells:

 Spells                   Type           Power        Failure   Level  Hunger
 Beastly Appendage        Tmut           #.....       50%         1    ##.....
 Sticks to Snakes         Tmut           #.......     65%         2    ###....
 Spider Form              Tmut/Pois      #.........   86%         3    ####...
 Ice Form                 Ice/Tmut       #.......     99%         4    #####..
 Blade Hands              Tmut           #.........   100%        5    ######.


Dungeon Overview and Level Annotations

Branches:
Dungeon (10/15)            Temple (0/1) D:7             Orc (1/2) D:9
   Lair: D:8-11

Altars:
Ashenzari
Dithmenos
Gozag
Kikubaaqudgha
Ru
Trog
Vehumet
Wu Jian
Yredelemnul
Zin
Beogh

Shops:
D:4 :*   Orc:1 :

Annotations:
D:4 3 runed doors, PeterLawrence's ghost, novice MiFi


Innate Abilities, Weirdness & Mutations

You are very small and have problems with some larger weapons.
You are too small for most types of armour.
You have supernaturally acute eyesight. (SInv)
You are a herbivore.
You cover ground extremely quickly.
You need to consume almost no food.
Your mind is acute. (Int +2)
Your flesh is cold resistant. (rC+)


Message History

The warg completely misses you.
You riposte.
You hit the warg.
You kill the warg!
Trog accepts your kill.
You hit the warg.
The warg is lightly wounded.
The warg barely misses you.
You hit the warg.
The warg is lightly wounded.
The warg completely misses you.
You riposte.
You barely miss the warg.
The warg is lightly wounded.
You closely miss the warg.
The warg is lightly wounded.
You block the warg's attack. The warg barely misses you.
You riposte.
You closely miss the warg.
The warg is lightly wounded.
You slash the warg!
The warg is heavily wounded.
You block the warg's attack.
You hit the warg.
The warg is heavily wounded.
The warg misses you.
You slash the warg!
The warg is severely wounded.
The warg closely misses you.
You slash the warg!
You kill the warg!
Trog accepts your kill.
You hit the ogre.
The ogre is moderately wounded.
You barely miss the ogre.
The ogre is moderately wounded.
You block the ogre's attack.
You slash the ogre!
The ogre is severely wounded.
You block the ogre's attack.
You slash the ogre!
You kill the ogre!
Trog accepts your kill.
You swing at nothing.
Things that are here:
a +0 giant club; an ogre corpse An orc priest comes into view.
It is wielding a +0 falchion.
An orc priest is nearby!
An orc priest is nearby!
An orc warrior comes into view. It is wielding a +0 flail.
The orc warrior shouts!
You hear a shout!
A cyclops comes into view.
The cyclops shouts!
You hear a shout!
The cyclops throws a large rock.
You reflect the large rock off an invisible shield around you!
The large rock hits the cyclops!!
Found a large rock.
The orc priest looks satisfied for a moment.
A warg comes into view.
The warg howls!
The cyclops throws a large rock.
The large rock hits you!!
Ouch! That really hurt!
* * * LOW HITPOINT WARNING * * *
You see here a large rock.
A stone giant comes into view.
An orc warrior comes into view. It is wielding a +0 halberd.
The stone giant shouts!
The stone giant throws a large rock.
The large rock hits you!!
You die...

..............#
..............####
.................#
.................# .
...............# ..
#............(#...
##............CC... ##
#................# .##
#..........@....## ..#
#................#. .##
##...........#..... .#
###....(.oo.......
#########............o..
#.....##..............8.
.......##h##.....8..8...
.......#)..##...........
.>......#...###.........


You could see a stone giant, a cyclops, a warg, 2 orc warriors and an orc
priest.

Vanquished Creatures
  A two-headed ogre (D:8)
  Erica (D:9)
  A cyclops (Orc:1)
  A troll (D:9)
  A hippogriff (D:9)
  4 hogs
  Sigmund (D:5)
  Eustachio (D:5)
  4 humans
  7 yaks (D:9)
  2 hungry ghosts
  4 wargs
  Duvessa (D:7)
  7 orc warriors
  2 ice beasts
  A phantom (D:4)
  3 ogres
  3 sky beasts
  An eye of draining (D:7)
  6 centaurs
  A big kobold (D:8)
  A gnoll sergeant (D:4)
  3 bullfrogs (D:8)
  Dowan (D:7)
  A water moccasin skeleton (D:5)
  4 scorpions
  3 killer bees (D:9)
  8 wights
  2 howler monkeys
  3 crimson imps
  2 quasits
  A jelly (D:6)
  A gnoll shaman (D:5)
  8 orc priests
  5 hounds
  12 orc wizards
  An iguana (D:5)
  Jessica (D:3)
  A bullfrog skeleton (D:7)
  5 worker ants
  Natasha (thrice) (D:2)
  A statue (D:5)
  2 hound skeletons
  A hound zombie (D:7)
  A worker ant zombie (D:9)
  A howler monkey zombie (D:5)
  16 gnolls
  11 adders
  5 shadow imps
  2 oozes
  An adder zombie (D:7)
  4 worms
  3 dart slugs
  7 leopard geckos
  42 orcs
  4 ball pythons
  8 bats
  4 giant cockroaches
  7 goblins
  9 hobgoblins
  8 jackals
  6 quokkas
  6 frilled lizards
  13 kobolds
  9 rats
290 creatures vanquished.

Notes
Turn   | Place    | Note
-------+----------+-------------------------------------------
     0 | D:1      | Amnesiac the Spriggan Berserker began the quest for the
                  | Orb.
     0 | D:1      | Reached XP level 1. HP: 11/11 MP: 2/2
   177 | D:1      | Reached XP level 2. HP: 11/16 MP: 3/3
  1043 | D:1      | Reached skill level 5 in Dodging
  1286 | D:2      | Reached XP level 3. HP: 18/19 MP: 4/4
  1345 | D:2      | Noticed Natasha
  1355 | D:2      | Killed Natasha
  1611 | D:2      | Noticed Natasha
  1636 | D:2      | Killed Natasha
  1636 | D:2      | Reached ** piety under Trog
  1636 | D:2      | Reached XP level 4. HP: 22/23 MP: 5/5
  1892 | D:2      | Noticed Natasha
  1907 | D:2      | Killed Natasha
  1907 | D:2      | Reached skill level 6 in Dodging
  1907 | D:2      | Reached XP level 5. HP: 13/27 MP: 6/6
  2124 | D:2      | Found an ancient bone altar of Kikubaaqudgha.
  2124 | D:2      | You fall through a shaft for 2 floors!
  2151 | D:4      | Noticed a centaur
  2605 | D:3      | Noticed Jessica
  2610 | D:3      | Killed Jessica
  2750 | D:3      | Found a shattered altar of Ashenzari.
  2855 | D:3      | Reached XP level 6. HP: 32/32 MP: 7/7
  3363 | D:3      | Found a glowing silver altar of Zin.
  3452 | D:4      | Reached skill level 5 in Long Blades
  3460 | D:4      | Reached skill level 1 in Shields
  3463 | D:4      | Reached skill level 7 in Dodging
  3732 | D:4      | Reached XP level 7. HP: 31/35 MP: 8/8
  4006 | D:4      | Found a runed gate.
  4019 | D:4      | Found Dothiffe's Book Emporium.
  4040 | D:4      | Found a sacrificial altar of Ru.
  4047 | D:4      | Reached *** piety under Trog
  4184 | D:4      | Found Jesm's Lightly-Used Armoury.
  4383 | D:4      | Found an opulent altar of Gozag.
  4384 | D:4      | Found a runed gate.
  4384 | D:4      | Found a runed gate.
  4384 | D:4      | Noticed PeterLawrence's ghost (novice MiFi)
  4396 | D:4      | Noticed an eight-headed hydra
  4623 | D:5      | Entered Level 5 of the Dungeon
  4964 | D:5      | Reached skill level 8 in Dodging
  4964 | D:5      | Reached skill level 1 in Evocations
  5142 | D:5      | Noticed Sigmund
  5176 | D:5      | Killed Sigmund
  5176 | D:5      | Reached XP level 8. HP: 39/39 MP: 8/10
  5356 | D:4      | Gained mutation: Your flesh is cold resistant. (rC+)
                  | [potion of mutation]
  5356 | D:4      | Gained mutation: Your mind is acute. (Int +2) [potion of
                  | mutation]
  6073 | D:5      | Found a radiant altar of Vehumet.
  6088 | D:5      | Reached skill level 9 in Dodging
  6270 | D:5      | Noticed Eustachio
  6303 | D:5      | Killed Eustachio
  6552 | D:5      | Reached **** piety under Trog
  6661 | D:5      | Reached XP level 9. HP: 31/43 MP: 13/13
  6717 | D:5      | Reached skill level 5 in Evocations
  7153 | D:6      | Reached skill level 10 in Dodging
  8551 | D:7      | Found a staircase to the Ecumenical Temple.
  8580 | D:7      | Found a basalt altar of Yredelemnul.
  8856 | D:7      | Found a shadowy altar of Dithmenos.
  8966 | D:7      | Reached ***** piety under Trog
  8971 | D:7      | Reached skill level 11 in Dodging
  8994 | D:7      | Reached XP level 10. HP: 21/47 MP: 16/16
  9003 | D:7      | HP: 1/47 [wight/+4 flail (5)]
  9423 | D:7      | Noticed Duvessa
  9424 | D:7      | Noticed Dowan
  9439 | D:7      | Killed Dowan
  9442 | D:7      | Killed Duvessa
  9673 | D:7      | Found a bloodstained altar of Trog.
  9878 | D:7      | Found a runed door.
  9886 | D:7      | Received a gift from Trog
  9976 | D:7      | Found a roughly hewn altar of Beogh.
  9977 | D:7      | Found the brooch of Shielding {Reflect SH+8}
 10077 | D:8      | Noticed a two-headed ogre
 10085 | D:8      | Killed a two-headed ogre
 10085 | D:8      | Reached skill level 10 in Long Blades
 10085 | D:8      | Reached skill level 12 in Dodging
 10797 | D:8      | Found an ornate altar of the Wu Jian Council.
 11761 | D:9      | Reached XP level 11. HP: 50/52 MP: 18/18
 11783 | D:9      | Reached skill level 13 in Dodging
 11798 | D:9      | Found an opulent altar of Gozag.
 11836 | D:9      | Found a staircase to the Orcish Mines.
 12061 | Orc:1    | Entered Level 1 of the Orcish Mines
 12061 | Orc:1    | Noticed Erica
 12074 | D:9      | Received a gift from Trog
 12098 | D:9      | Killed Erica
 12438 | D:10     | Entered Level 10 of the Dungeon
 12847 | Orc:1    | Found Umoaw's Book Shoppe.
 12971 | Orc:1    | Noticed a stone giant
 12973 | Orc:1    | Hit by a large rock thrown by a stone giant

Vault maps used:
D:1:      minmay_arrival_diagonal_passages
D:2:      kiku_gazebo_garden_becter, uniq_natasha
D:3:      nicolae_overflow_crystal_walls, zin_academy, first_ration,
          uniq_jessica
D:4:      minmay_evil_eye, nicolae_ru_great_annihilating_truth, serial_shops,
          nicolae_shop_statue_plus, ebering_ghost_gozag, st_stairs_10,
          minmay_shop_damaged
D:5:      kennysheep_spiral_hall, vehumet_statue, uniq_sigmund, uniq_eustachio
D:6:      amethyst_killhole, minmay_ruffians
D:7:      trog_eyes_of_draining, kennysheep_mini,
          nicolae_dithmenos_the_darkroom, minmay_temple_entry_gardened_gates,
          grunt_livestock, lightli_church_of_beogh, uniq_duvessa
D:8:      lemuel_statue_altar
D:9:      orc_0_dummy, nicolae_gozag_seed_capital
D:10:     serial_glass, glass_columns_a, glass_columns_a, uniq_harold,
          uniq_fannar
Orc:1:    giant_chief_lemuel, basic_altar, serial_shops, shop,
          bh_open_orc_temple, uniq_erica

Skill      XL: |  1  2  3  4  5  6  7  8  9 10 11 |
---------------+----------------------------------+-----
Long Blades    | 3 4 5 6 7 9 10 11 | 11.4
Dodging        | 5 6 7 8 9 11 12 13 | 13.0
Shields        | 1 2 3 |  3.3
Evocations     | 2 4 7 8 |  8.0
Fighting       | 3 |  3.0

Action                   |  1- 3 |  4- 6 |  7- 9 | 10-12 || total
-------------------------+-------+-------+-------+-------++-------
Melee: Falchion          |    80 |   213 |   723 |    33 ||  1049
       Long sword        |       |       |       |   419 ||   419
Invok: Berserk           |     2 |     4 |     8 |     5 ||    19
Evoke: Wand              |       |       |     3 |       ||     3
  Use: Scroll            |       |       |    14 |     2 ||    16
       Potion            |       |       |     5 |       ||     5
 Stab: Sleeping          |     3 |     1 |     2 |       ||     6
       Invisible         |       |       |     2 |     1 ||     3
  Eat: Ration            |       |     6 |     8 |     7 ||    21
Armor: Animal skin       |     4 |    20 |       |       ||    24
       Robe              |       |       |    46 |    16 ||    62
       Troll leather arm |       |       |       |     2 ||     2
Dodge: Dodged            |    67 |   156 |   499 |   283 ||  1005
Block: Buckler           |       |    30 |   148 |   283 ||   461
       Reflection        |       |       |       |     5 ||     5
       Rpst.: Falchion   |    20 |    46 |   164 |     9 ||   239
       Long sword        |       |       |       |    66 ||    66

Table legend:
 A = Non-vault XP
 B = Vault XP
 C = Vault XP percentage of total XP
 D = Non-vault monster count
 E = Vault monster count
 F = Vault count percentage of total count
                 A         B        C        D         E       F
            +---------+---------+-------+---------+---------+-------
      Total |   10167 |    4423 |  30.3 |     236 |      54 |  18.6
            +---------+---------+-------+---------+---------+-------
        D:1 |      36 |       0 |   0.0 |      22 |       0 |   0.0
        D:2 |     151 |      33 |  17.9 |      18 |       1 |   5.3
        D:3 |     204 |      37 |  15.4 |      36 |       1 |   2.7
        D:4 |     867 |     132 |  13.2 |      27 |       8 |  22.9
        D:5 |    1120 |     492 |  30.5 |      35 |       4 |  10.3
        D:6 |     624 |     781 |  55.6 |      20 |       4 |  16.7
        D:7 |     980 |    1873 |  65.7 |      20 |      34 |  63.0
        D:8 |    1876 |       0 |   0.0 |      23 |       0 |   0.0
        D:9 |    2982 |     897 |  23.1 |      24 |       1 |   4.0
      Orc:1 |    1327 |     178 |  11.8 |      11 |       1 |   8.3
            +---------+---------+-------+---------+---------+-------
